 Dungeon Crawl Stone Soup version 0.30.1-3-gfc49f6343a (webtiles) character file.

Game seed: 15982386534981290078

7458 Wiggles the Cleaver (level 10, -10/139 HPs)
             Began as a Minotaur Berserker on July 29, 2023.
             Was an Elder of Trog.
             Mangled by a tengu warrior
             ... wielding a +0 halberd
              (13 damage)
             ... on level 8 of the Dungeon.
             The game lasted 00:13:13 (5873 turns).

Wiggles the Cleaver (Minotaur Berserker)            Turns: 5873, Time: 00:13:14

Health: -10/139    AC: 20    Str: 27    XL:     10   Next: 94%
Magic:  9/9        EV: 10    Int:  4    God:    Trog [****..]
Gold:   599        SH:  0    Dex: 15    Spells: 9/9 levels left

rFire   . . .        b - +2 battleaxe (spect)
rCold   . . .        (shield currently unavailable)
rNeg    . . .        s - +3 plate armour
rPois   .            (helmet restricted)
rElec   .            h - +0 cloak
rCorr   .            (no gloves)
SInv    +            u - +0 pair of boots
Will    .....        i - amulet of regeneration Stlth
                     y - +6 ring of dexterity
HPRegen 1.23/turn    p - ring of see invisible
MPRegen 0.11/turn

%: no passive effects
@: berserking (expiring), very quick
A: horns 2, retaliatory headbutt
a: Renounce Religion, Berserk, Trog's Hand, Brothers in Arms


You were on level 8 of the Dungeon.
You worshipped Trog.
Trog was greatly pleased with you.
You visited 1 branch of the dungeon, and saw 8 of its levels.

You collected 599 gold pieces.

Inventory:

Hand Weapons
 b - a +2 spectral battleaxe (weapon)
 C - a +1 heavy war axe
Armour
 h - a +0 cloak (worn)
 s - a +3 plate armour (worn)
 u - a +0 pair of boots (worn)
Jewellery
 g - a ring of positive energy
 i - an amulet of regeneration (around neck)
 p - a ring of see invisible (right hand)
 y - a +6 ring of dexterity (left hand)
Wands
 d - a wand of mindburst (9)
 f - a wand of iceblast (12)
 r - a wand of digging (6)
Scrolls
 j - 2 scrolls of fear
 l - 2 scrolls of teleportation
 n - a scroll of vulnerability {unknown}
 q - a scroll of identify
 v - 2 scrolls of magic mapping
Potions
 a - a potion of cancellation
 c - 5 potions of flight
 e - a potion of mutation {unknown}
 k - a potion of haste {unknown}
 m - a potion of degeneration {unknown}
 o - 2 potions of magic {unknown}
 t - 2 potions of invisibility {unknown}
 w - 2 potions of curing
 x - a potion of berserk rage {unknown}
 z - a potion of might {unknown}
 B - 4 potions of lignification {unknown}


   Skills:
 + Level 10.1 Fighting
 + Level 13.7 Axes
 + Level 10.9 Armour
 + Level 5.0 Dodging
 + Level 1.2 Stealth


You had 9 spell levels left.
You didn't know any spells.
Your spell library was empty.

Dungeon Overview and Level Annotations

Branches:
Dungeon (8/15)             Temple (0/1) D:5
   Lair: D:8-11

Altars:
Dithmenos
Gozag
Hepliaklqana
Kikubaaqudgha
Qazlal
Ru
Wu Jian
Yredelemnul

Shops:
D:4 [


Innate Abilities, Weirdness & Mutations

You have a pair of horns on your head.
You reflexively headbutt those who attack you in melee.


Message History

The vampire hits your ogre! The vampire bites your ogre.
The tengu warrior shoots a bolt.
The bolt barely misses the vampire.
The bolt hits your ogre!
Your ogre hits the vampire with a +0 giant club!!!
The vampire is destroyed!
Trog accepts your kill.
Trog appreciates your killing of a magic user.
Your ogre barely misses the tengu warrior.
The tengu warrior unwields a +0 arbalest.
The tengu warrior wields a +0 halberd.
The tengu warrior hits your ogre with a +0 halberd!!
Your ogre dies!
Your ogre's corpse disappears in a puff of smoke!
A bullfrog comes into view.
The tengu warrior unwields a +0 halberd.
The tengu warrior wields a +0 arbalest.
The tengu warrior shoots a bolt.
The bolt hits you!
* * * LOW HITPOINT WARNING * * *
The bullfrog croaks.
You hear two shouts!
The tengu warrior shoots a bolt.
The bolt misses you.
A red film seems to cover your vision as you go berserk!
You feel yourself moving faster!
You feel mighty!
You feel a strong urge to attack something.
The shadow slips into darkness.
The shadow flickers and vanishes for a moment.
You miss the tengu warrior.
Your +2 spectral battleaxe hits the tengu warrior!
The tengu warrior unwields a +0 arbalest.
The tengu warrior wields a +0 halberd.
The tengu warrior hits you with a +0 halberd!
* * * LOW HITPOINT WARNING * * *
The tengu warrior pecks you.
* * * LOW HITPOINT WARNING * * *
The tengu warrior claws you.
* * * LOW HITPOINT WARNING * * *
You barely miss the tengu warrior. Your headbutt misses the tengu warrior.
The tengu warrior is lightly wounded.
Your +2 spectral battleaxe closely misses the tengu warrior.
The tengu warrior hits you with a +0 halberd!
You die...

....#...... #####....#
'...#....# #...#....#
#...#....# ##### #)..'....#
..? #.))#....# # #.#### #
###)#....####[##.##.##.##.#
###.##'##..##...@QW)J[F...#
#......#..##.##(##.##.##.#
#......#..## ##.#### #
#......#..# #...#
#......#..#####.####
#......#..##.##)##.#
####'####..'..)†)...#
........)..##.##.##.#
........(..#####.####


You could see a tengu warrior, a shadow (invisible), a bullfrog, a jelly and a
friendly +2 spectral battleaxe.

Vanquished Creatures
  A centaur warrior (D:8)
  A deep elf pyromancer (D:8)
  Joseph (D:7)
  Maggie (D:7)
  3 trolls (D:8)
  Sigmund (D:5)
  8 yaks (D:8)
  2 wyverns
  Eustachio (D:5)
  Menkaure (D:5)
  A vampire mosquito (D:8)
  Edmund (D:4)
  Duvessa (D:5)
  A water moccasin (D:7)
  2 orc warriors (D:8)
  2 sky beasts
  An ogre (D:4)
  A hornet zombie (D:7)
  3 black bears (D:8)
  A centaur (D:5)
  A bullfrog (D:8)
  2 kobold brigands (D:8)
  Blork the orc (D:4)
  2 wyvern zombies (D:7)
  2 scorpions
  8 wights (D:8)
  Dowan (D:5)
  3 killer bees (D:6)
  2 electric eels (D:6)
  2 howler monkeys
  4 centaur zombies (D:7)
  A hound (D:5)
  An orc priest (D:7)
  2 iguanas
  2 sleepcaps
  5 orc wizards
  A howler monkey zombie (D:7)
  9 adders
  3 gnolls (D:5)
  3 shadow imps
  3 white imps
  3 worms
  10 dart slugs
  6 orcs
  4 endoplasms
  5 giant cockroaches
  11 goblins
  2 hobgoblins
  3 quokkas
  7 ball pythons
  A bat (D:1)
  5 frilled lizards
  13 kobolds
  5 rats
167 creatures vanquished.

Vanquished Creatures (collateral kills)
  A vampire (D:8)
1 creature vanquished.

Grand Total: 168 creatures vanquished

Notes
Turn   | Place    | Note
-------+----------+-------------------------------------------
     0 | D:1      | Wiggles the Minotaur Berserker began the quest for the Orb.
     0 | D:1      | Reached XP level 1. HP: 19/19 MP: 0/0
   193 | D:1      | Reached XP level 2. HP: 26/27 MP: 1/1
   357 | D:1      | Reached skill level 4 in Axes
   614 | D:2      | Reached ** piety under Trog
   648 | D:2      | Reached XP level 3. HP: 33/33 MP: 2/2
  1214 | D:3      | Reached XP level 4. HP: 41/41 MP: 3/3
  1271 | D:3      | Found an ornate altar of the Wu Jian Council.
  1392 | D:3      | Found a shadowy altar of Dithmenos.
  1392 | D:3      | Noticed a shadow
  1421 | D:3      | Found a hazy altar of Hepliaklqana.
  1562 | D:3      | Found an ancient bone altar of Kikubaaqudgha.
  1620 | D:4      | Reached skill level 5 in Axes
  1691 | D:4      | Noticed Edmund
  1701 | D:4      | Killed Edmund
  1702 | D:4      | Reached XP level 5. HP: 47/47 MP: 4/4
  1768 | D:4      | Found Bulat's Dragon-Slaying Spoils.
  1883 | D:4      | Noticed an ogre
  1895 | D:4      | Killed an ogre
  1896 | D:4      | Reached skill level 5 in Fighting
  1896 | D:4      | Reached skill level 6 in Axes
  1896 | D:4      | Reached XP level 6. HP: 56/56 MP: 5/5
  1988 | D:4      | Noticed Blork the orc
  1996 | D:4      | Killed Blork the orc
  2661 | D:5      | Entered Level 5 of the Dungeon
  2662 | D:5      | Noticed Sigmund
  2666 | D:5      | Noticed Eustachio
  2676 | D:5      | Killed Sigmund
  2677 | D:5      | Reached skill level 7 in Axes
  2677 | D:5      | Reached skill level 5 in Armour
  2677 | D:5      | Reached XP level 7. HP: 61/61 MP: 6/6
  2702 | D:5      | Killed Eustachio
  2812 | D:5      | Noticed a wyvern
  2820 | D:5      | Killed a wyvern
  2821 | D:5      | Reached skill level 8 in Axes
  2851 | D:5      | Found a stormy altar of Qazlal.
  2925 | D:5      | Noticed Menkaure
  2925 | D:5      | Noticed Duvessa
  2926 | D:5      | Noticed Dowan
  2931 | D:5      | Killed Duvessa
  2932 | D:5      | Reached XP level 8. HP: 46/70 MP: 7/7
  2933 | D:5      | Killed Menkaure
  2935 | D:5      | Killed Dowan
  3217 | D:5      | Found a staircase to the Ecumenical Temple.
  3823 | D:6      | Reached skill level 9 in Axes
  4135 | D:6      | Found a sacrificial altar of Ru.
  4635 | D:7      | Reached *** piety under Trog
  4701 | D:7      | Found a basalt altar of Yredelemnul.
  4714 | D:7      | Reached XP level 9. HP: 79/79 MP: 8/8
  4725 | D:7      | Noticed Maggie
  4732 | D:7      | Killed Maggie
  4864 | D:7      | Found an opulent altar of Gozag.
  4895 | D:7      | Reached skill level 10 in Axes
  5149 | D:7      | Noticed Joseph
  5163 | D:7      | Killed Joseph
  5495 | D:8      | Reached skill level 11 in Axes
  5509 | D:8      | Reached XP level 10. HP: 71/90 MP: 9/9
  5518 | D:8      | Reached skill level 10 in Armour
  5520 | D:8      | Reached skill level 12 in Axes
  5567 | D:8      | Reached **** piety under Trog
  5813 | D:8      | Noticed a centaur warrior
  5826 | D:8      | Killed a centaur warrior
  5827 | D:8      | Reached skill level 13 in Axes
  5843 | D:8      | Noticed a deep elf pyromancer
  5853 | D:8      | Killed a deep elf pyromancer
  5853 | D:8      | Noticed a tengu warrior
  5854 | D:8      | Reached skill level 10 in Fighting
  5854 | D:8      | Reached skill level 1 in Stealth
  5855 | D:8      | Reached skill level 5 in Dodging
  5872 | D:8      | HP: 5/139 [tengu warrior/+0 halberd (2)]
  5872 | D:8      | HP: 2/139 [tengu warrior/+0 halberd (3)]
  5873 | D:8      | Mangled by a tengu warrior

Illustrated notes

Levels and vault maps discovered:
D:1:      zaba_arrival_water, layout_basic
D:2:      layout_rooms
D:3:      layout_basic, riverfiend_overflow_shadow_ancestor,
          mainiacjoe_overflow_chevrons, general_overflow_altar,
          chequers_serial_rivers_micro_c
D:4:      layout_basic, abandoned_shop, grunt_ministairs_6,
          nicolae_shop_dragon_depot, uniq_edmund, uniq_blork_the_orc
D:5:      layout_basic, nicolae_qazlal_eye_of_the_storm, temple_hall,
          uniq_menkaure, uniq_sigmund, uniq_duvessa, uniq_eustachio
D:6:      kennysheep_slugbush, layout_basic, lemuel_tele_altar,
          minmay_misc_feat_diagonals, serial_bayou_pond_a,
          minmay_misc_feat_enclosed
D:7:      layout_gridville, nicolae_yredelemnul_corpse_copse,
          nicolae_gozag_cash_rules_everything_around_me, uniq_joseph,
          uniq_maggie
D:8:      hangedman_cross_veins, layout_gridville,
          grunt_lair_entry_orc_guard_hut, ebering_ghost_reflecting_pool

Skill      XL: |  1  2  3  4  5  6  7  8  9 10 |
---------------+-------------------------------+-----
Fighting       | 4 5 6 7 8 10 | 10.1
Axes           | 4 5 6 7 8 9 11 13 | 13.7
Dodging        | 3 4 5 |  5.0
Armour         | 3 4 5 6 8 9 10 | 10.9
Stealth        | 1 |  1.2

Action                     |  1- 3 |  4- 6 |  7- 9 | 10-12 || total
---------------------------+-------+-------+-------+-------++-------
  Melee: Hand axe          |    93 |    83 |    33 |       ||   209
         Headbutt          |    11 |    15 |    27 |    15 ||    68
         Punch             |       |       |     2 |       ||     2
         War axe           |       |       |   132 |    10 ||   142
         Battleaxe         |       |       |       |    51 ||    51
 Invoke: Berserk           |       |     4 |     4 |     1 ||     9
         Brothers in Arms  |       |       |       |     1 ||     1
    Use: Scroll            |       |       |    19 |     2 ||    21
         Potion            |       |       |     2 |     1 ||     3
   Stab: Sleeping          |     1 |       |       |       ||     1
         Distracted        |       |       |       |     2 ||     2
 Armour: Animal skin       |    18 |       |       |       ||    18
         Scale mail        |    16 |       |       |       ||    16
         Plate armour      |     1 |    40 |   208 |    55 ||   304
  Dodge: Dodged            |    43 |    31 |   148 |    41 ||   263
